 Dungeon Crawl Stone Soup version 0.21.1-1-g345015f (webtiles) character file.

124 inc the Scratcher (level 4, 21/21 HPs)
             Began as a Felid Chaos Knight on Mar 12, 2018.
             Quit the game on level 3 of the Dungeon.
             The game lasted 00:04:15 (3881 turns).

inc the Scratcher (Felid Chaos Knight)              Turns: 3881, Time: 00:04:16

Health: 21/21      AC:  1    Str:  6 (8)  XL:     4   Next: 81%
Magic:  5/5        EV: 18    Int: 12 (14) God:    Xom [....*.]
Gold:   115        SH:  0    Dex: 13 (16) Spells: 3/3 levels left
                                        Lives:  0   Deaths: 1

rFire    . . .     SeeInvis +     - Unarmed
rCold    . . .     Gourm    .   (shield unavailable)
rNeg     . . .     Faith    .   (armour unavailable)
rPois    +         Spirit   .   (helmet unavailable)
rElec    .         Reflect  .   (cloak unavailable)
rCorr    .         Harm     .   (gloves unavailable)
MR       .....                  (boots unavailable)
Stlth    ++........             (no amulet)
HPRegen  0.07/turn              k - ring of poison resistance
MPRegen  0.09/turn              (no ring)

@: quick
A: very small, no armour, no weapons or thrown items, stealth, claws 1, fangs 3,
see invisible, carnivore, speed 1, shaggy fur 1, slow metabolism 1, sharp paws
a: Renounce Religion


You were on level 3 of the Dungeon.
You worshipped Xom.
You were a beloved toy of Xom.
You were not hungry.

You visited 1 branch of the dungeon, and saw 4 of its levels.

You collected 115 gold pieces.

Inventory:

Jewellery
 k - a ring of poison resistance (left paw)
Scrolls
 b - a scroll of teleportation {unknown}
 d - a scroll of fog {unknown}
 f - a scroll of random uselessness {unknown}
 g - a scroll of remove curse {unknown}
 h - 3 scrolls of amnesia {unknown}
 i - a scroll of blinking {unknown}
 l - a scroll of identify {unknown}
Potions
 e - a potion of agility
 m - 2 potions of haste
Comestibles
 a - 6 rations


   Skills:
 - Level 3.0 Fighting
 - Level 3.2 Dodging
 + Level 6.6 Unarmed Combat


You had 3 spell levels left.
You didn't know any spells.

Dungeon Overview and Level Annotations

Branches:
Dungeon (4/15)
 Temple: D:4-7

Altars:
Wu Jian

Annotations:
D:4 Sigmund; letownia2's ghost, amateur MfSk


Innate Abilities, Weirdness & Mutations

You cannot wear armour.
You are incapable of wielding weapons or throwing items.
Your paws allow you to move quietly. (Stealth)
You have sharp claws.
You have razor-sharp teeth.
You have supernaturally acute eyesight. (SInv)
You are carnivorous and can eat meat at any time.
You cover ground quickly.
You are covered in fur. (AC +1)
You have a slow metabolism.
Your sharp claws are effective at attacking unaware monsters.


Message History

You barely miss the orc. You scratch the orc.
You kill the orc!
You hear Xom's avuncular chuckle.
The orc wizard seems to slow down.
The orc priest calls down the wrath of Beogh upon you.
Pain shoots through your body! The orc wizard casts a spell at you.
The magic dart hits you!
* * * LOW HITPOINT WARNING * * *
The orc wizard casts a spell at you. The magic dart hits you!
You die...
You are now level 4!
You rejoin the land of the living...
It was a potion of heal wounds.
You feel much better.
It was a potion of degeneration.
There was something very wrong with that liquid.
You feel weakened.
You feel dopey.
You feel clumsy.
Are you sure you want to abandon this character and quit the game? (Confirm with "yes".)

#.....# #####.....#
# .h[.......# #.
#.......# ##.
#.....o.# #######
...
##>...............
.. #.###o##########.
#.##.###.# #.).# #.
#..@.....# #.#.# #.
####.....####.#.###.
#....(.(.o.o.....
###..!.###.#>....
#.รท.?# #.#####.
#####....# #.# #.
#.^..))..###.# ##
#.#....(...#.#
#........#.#


There were no monsters in sight!

Vanquished Creatures
  A scorpion (D:4)
  An orc wizard (D:3)
  Terence (D:2)
  A worker ant (D:3)
  4 adders
  An ooze (D:3)
  2 worms
  A leopard gecko (D:2)
  7 orcs
  4 bats
  6 giant cockroaches
  7 goblins
  7 hobgoblins
  2 jackals (D:3)
  6 kobolds
  2 quokkas
  2 ball pythons
  3 frilled lizards
  6 rats
64 creatures vanquished.

Notes
Turn   | Place    | Note
-------+----------+-------------------------------------------
     0 | D:1      | inc the Felid Chaos Knight began the quest for the Orb.
     0 | D:1      | Reached XP level 1. HP: 10/10 MP: 2/2
   365 | D:1      | XOM: harmless Chrm miscast
   384 | D:1      | Reached XP level 2. HP: 13/14 MP: 3/3
   536 | D:1      | XOM: noise
   730 | D:1      | Reached skill level 4 in Unarmed Combat
  1041 | D:1      | XOM: harmless Pois miscast
  1182 | D:1      | Reached XP level 3. HP: 16/17 MP: 4/4
  1194 | D:1      | XOM is BORED!
  1194 | D:1      | XOM: harmless Tloc miscast
  1651 | D:2      | XOM: silly message
  1689 | D:2      | XOM: silly message
  1803 | D:2      | Found a faded altar of an unknown god.
  1885 | D:2      | XOM: mild Ice miscast
  2207 | D:2      | Noticed Terence
  2224 | D:2      | Killed Terence
  2224 | D:2      | Reached skill level 5 in Unarmed Combat
  2224 | D:2      | Reached XP level 4. HP: 12/21 MP: 5/5
  2774 | D:2      | XOM: cloud trail
  2857 | D:2      | XOM is BORED!
  2857 | D:2      | XOM: noise
  3097 | D:3      | XOM: god gift: knobbly gilded ring {god gift}
  3099 | D:3      | XOM: fog
  3114 | D:3      | Reached XP level 5. HP: 20/24 MP: 6/6
  3139 | D:3      | XOM: 5-stop teleportation journey
  3155 | D:3      | Reached skill level 6 in Unarmed Combat
  3681 | D:4      | XOM: smoke on damage
  3685 | D:4      | XOM: confuse monster(s)
  3687 | D:4      | HP: 1/24 [poisoned by a scorpion]
  3694 | D:4      | Found an ornate altar of the Wu Jian Council.
  3748 | D:4      | Found the +1 cloak of Starlight {rElec rC+ EV+4 Stlth--}
  3767 | D:4      | Noticed Sigmund
  3780 | D:4      | Noticed letownia2's ghost (amateur MfSk)
  3870 | D:3      | XOM: enchant monster (good)
  3871 | D:3      | HP: 1/24 [orc wizard/magic dart (8)]
  3878 | D:3      | Killed from afar by an orc wizard
  3879 | D:3      | Reached XP level 4. HP: -1/21 MP: 5/5
  3881 | D:3      | Quit the game

Skill      XL: |  1  2  3  4  5 |
---------------+----------------+-----
Unarmed Combat | 4 5 6 |  6.6
Fighting       | |  3.0
Dodging        | |  3.2

Action                   |  1- 3 |  4- 6 || total
-------------------------+-------+-------++-------
Melee: Unarmed           |   107 |    95 ||   202
       Bite              |    15 |     9 ||    24
       Punch             |     3 |     3 ||     6
  Use: Potion            |       |     8 ||     8
 Stab: Sleeping          |     1 |     4 ||     5
       Invisible         |       |     1 ||     1
  Eat: Chunk             |     4 |     7 ||    11
Armor: Skin              |     5 |     3 ||     8
Dodge: Dodged            |    69 |    75 ||   144
